 Dungeon Crawl Stone Soup version 0.30.1-9-gdf580d7c3d (webtiles) character file.

Game seed: 18419530728635578650

114 leafyfresh the Covert (level 4, -8/31 HPs)
             Began as an Octopode Delver on Oct 12, 2023.
             Was an Initiate of Vehumet.
             Mangled by Duvessa
             ... wielding a +0 short sword
              (16 damage)
             ... on level 5 of the Dungeon.
             The game lasted 00:01:57 (693 turns).

leafyfresh the Covert (Octopode Delver)              Turns: 693, Time: 00:01:57

Health: -8/31      AC:  1    Str: 11    XL:     4   Next: 98%
Magic:  4/4        EV: 13    Int: 12    God:    Vehumet [......]
Gold:   18         SH:  0    Dex: 15    Spells: 3/3 levels left

rFire   . . .        a - +0 short sword
rCold   . . .        (no shield)
rNeg    . . .        (helmet restricted)
rPois   .            (no amulet)
rElec   .            (no ring)
rCorr   .            (no ring)
SInv    .            (no ring)
Will    .....        (no ring)
Stlth   +++++        (no ring)
HPRegen 0.25/turn    (no ring)
MPRegen 0.09/turn    (no ring)
                     (no ring)

%: no passive effects
@: hasted, very quick
A: almost no armour, amphibious, 8 rings, camouflage 1, gelatinous body 1,
(nimble swimmer 1), tentacles
a: Renounce Religion


You were on level 5 of the Dungeon.
You worshipped Vehumet.
Vehumet was noncommittal.
You visited 2 branches of the dungeon, and saw 2 of its levels.

You collected 18 gold pieces.

Inventory:

Hand Weapons
 a - a +0 short sword (weapon)
 j - a +0 sling
Wands
 f - a wand of digging (3)
Scrolls
 b - a scroll of fog
 c - a scroll of magic mapping
 d - a scroll of fear
 g - a scroll of immolation {unknown}
 h - a scroll of torment {unknown}
 i - a scroll of identify {unknown}


   Skills:
 - Level 3.0 Fighting
 - Level 2.0 Short Blades
 - Level 2.0 Dodging
 + Level 9.4 Stealth


You had 3 spell levels left.
You didn't know any spells.
Your spell library was empty.

Dungeon Overview and Level Annotations

Branches:
Dungeon (5/15)             Temple (1/1) D:5

Altars:
Cheibriados
Fedhas
Gozag
Hepliaklqana
Kikubaaqudgha
Nemelex Xobeh
Ru
Sif Muna
Trog
Vehumet
Xom
Zin
The Shining One

Annotations:
D:5 2 transporters, Duvessa, Menkaure


Innate Abilities, Weirdness & Mutations

You cannot wear most types of armour.
You are amphibious.
You can wear up to eight rings at the same time.
Your skin changes colour to match your surroundings (Stealth+).
Your rubbery body absorbs attacks. (AC +1, EV +1)
((You are camouflaged when in or above water. (Stealth+)))
You have tentacles for arms and can constrict up to eight enemies at once.


Message History

Your squeeze misses Dowan.
Dowan is severely wounded.
You barely miss Dowan. You grab Dowan.
Dowan is severely wounded.
You constrict Dowan, but do no damage.
Dowan struggles to escape constriction.
Unknown command.
You hit Dowan.
Dowan is almost dead.
You constrict Dowan, but do no damage. You hit Dowan.
Dowan is almost dead.
You constrict Dowan, but do no damage.
Dowan says, "Magic and the sword, together, will defeat you."
Dowan gestures at you while chanting. The puff of flame hits you!
* * * LOW HITPOINT WARNING * * *
You barely miss Dowan.
Dowan is almost dead.
You constrict Dowan, but do no damage. Dowan misses you.
Unknown command.
You barely miss Dowan. You squeeze Dowan, but do no damage.
Dowan is almost dead.
You constrict Dowan, but do no damage.
Unknown command.
You barely miss Dowan.
Dowan is almost dead.
You constrict Dowan.
Dowan points at you and mumbles some strange words.
The puff of frost misses you.
Unknown command.
You completely miss Dowan. You squeeze Dowan.
You kill Dowan!
Vehumet accepts your kill.
Duvessa screams in rage.
Duvessa goes berserk!
Your Stealth skill increases to level 9!
Unknown command.
Duvessa attacks as you move away! Duvessa hits you with a +0 short sword!
Ouch! That really hurt!
You die...

........#..###.##.#
##.###..#.........#
#.# #..#......##.# .
.....#...#####.# .
.....#©..# #.#
......#...# #.#
.#8#..#...#####.#####.
###..#................
.M.#...##.e@.......#
.. #)########## .# ...
.# #.### .# #.#.# .#
#.#.# <#### #.#.#
##############....#
#.#.#
#.................#
#.#.#
#.#################


You could see Duvessa (berserk).

Vanquished Creatures
  Dowan (D:5)
  A hound (D:5)
  2 adders (D:5)
  A shadow imp (D:5)
  A white imp (D:5)
6 creatures vanquished.

Notes
Turn   | Place    | Note
-------+----------+-------------------------------------------
     0 | D:5      | leafyfresh the Octopode Delver began the quest for the Orb.
     0 | D:5      | Reached XP level 1. HP: 16/16 MP: 1/1
     9 | D:5      | Noticed a hound
    34 | D:5      | Killed a hound
    35 | D:5      | Reached skill level 7 in Stealth
    35 | D:5      | Reached XP level 2. HP: 11/21 MP: 2/2
    35 | D:5      | Reached XP level 3. HP: 13/26 MP: 3/3
   106 | D:5      | Found a staircase to the Ecumenical Temple.
   154 | Temple   | Entered the Ecumenical Temple
   315 | Temple   | Became a worshipper of Vehumet
   353 | D:5      | Reached skill level 8 in Stealth
   636 | D:5      | Found an ancient bone altar of Kikubaaqudgha.
   640 | D:5      | Noticed Menkaure
   644 | D:5      | Reached XP level 4. HP: 30/31 MP: 4/4
   653 | D:5      | Found a transporter.
   656 | D:5      | Noticed a vampire
   660 | D:5      | Found a transporter.
   678 | D:5      | Noticed Duvessa
   678 | D:5      | Noticed Dowan
   691 | D:5      | Killed Dowan
   692 | D:5      | Reached skill level 9 in Stealth
   693 | D:5      | Mangled by Duvessa

Illustrated notes

Levels and vault maps discovered:
D:5:      layout_loops_ring, gammafunk_temple_of_torment,
          minmay_temple_entry_waves, nicolae_ossuary_entry_catacombs,
          uniq_duvessa
Temple:   hellmonk_temple_flake

Skill      XL: |  1  2  3  4 |
---------------+-------------+-----
Stealth        | 7 8 9 |  9.4
Fighting       | |  3.0
Short Blades   | |  2.0
Dodging        | |  2.0

Action                     |  1- 3 |  4- 6 || total
---------------------------+-------+-------++-------
  Melee: Short sword       |    15 |     9 ||    24
         Tentacles         |     3 |     2 ||     5
         Constrict         |     3 |     1 ||     4
   Fire: Sling             |     3 |       ||     3
    Use: Potion            |       |     1 ||     1
   Stab: Sleeping          |     1 |     1 ||     2
 Armour: Skin              |     1 |       ||     1
  Dodge: Dodged            |     5 |     2 ||     7
